Map: Orbital Shipyard

Players

Miszu - Winner!

  • Race: Terran Terran
  • League: Master

Matiz

  • Race: Zerg Zerg
  • League: Master

VOD

Have the link to the VOD?

Description

Time

  • Played on: March 25, 2016, 3:06 p.m.
  • Length: 12:06
Show
View Real Time Build Order
Export as new Build Order

Miszu Terran - Winner!

Build Orders: MMM Bio 

Get SALT Encoding   

  12  0:01  SCV  
  13  0:13  SCV  
  14  0:19  Supply Depot  
  14  0:25  SCV  
  15  0:40  SCV  
  16  0:43  Barracks  
  16  0:46  Refinery  
  16  0:52  SCV  
  17  1:04  SCV  
  18  1:17  SCV  
  19  1:30  Orbital Command  
  19  1:31  Barracks Reactor  
  19  1:43  Command Center  
  19  1:53  Supply Depot  
  19  1:56  SCV  
  20  2:07  Reaper  
  20  2:08  Reaper, SCV  
  23  2:20  SCV  
  24  2:31  Command Center  
  24  2:33  SCV  
  26  2:44  Reaper  
  26  2:45  Reaper  
  26  2:48  SCV  
  28  2:55  Orbital Command  
  28  3:00  SCV  
  29  3:12  SCV  
  30  3:16  Refinery  
  30  3:22  Reaper x2  
  30  3:23  SCV  
  30  3:24  SCV  
  34  3:27  Barracks  
  34  3:28  Barracks  
  34  3:35  SCV  
  34  3:36  SCV  
  36  3:47  SCV  
  37  3:54  SCV  
  37  3:55  Orbital Command  
  37  3:59  SCV  
  37  4:00  Marine x2  
  40  4:06  Engineering Bay x2, SCV  
  41  4:11  SCV  
  41  4:16  Barracks Tech Lab x2  
  42  4:18  SCV  
  42  4:20  SCV  
  42  4:22  Refinery  
  42  4:23  Refinery, SCV  
  45  4:24  Engineering Bay  
  45  4:26  Barracks  
  45  4:28  Marine x2  
  45  4:29  Orbital Command  
  47  4:34  SCV  
  47  4:35  Factory  
  47  4:37  Marine x2  
  47  4:38  SCV  
  51  4:46  Marine, SCV  
  51  4:49  Stimpack  
  51  4:50  SCV  
  55  4:53  Supply Depot  
  55  4:55  Supply Depot, SCV  
  55  4:58  Terran Infantry Weapons Level 1, SCV  
  57  5:00  Terran Infantry Armor Level 1  
  57  5:02  SCV  
  57  5:07  SCV  
  57  5:11  SCV  
  59  5:17  Marine  
  59  5:18  Marine x3  
  59  5:21  Starport, Factory Reactor  
  61  5:35  Marine x2  
  59  5:36  Marine x2, SCV  
  59  5:37  SCV x2  
  65  5:48  Barracks Reactor  
  65  5:49  SCV x3  
  68  5:50  Armory  
  68  5:52  Marine  
  68  5:53  Marine  
  68  5:54  Marine x2  
  72  5:59  Barracks  
  72  6:01  SCV x3  
  72  6:04  Supply Depot, Factory Tech Lab  
  75  6:05  Supply Depot x2  
  75  6:10  Marine  
  76  6:11  Marine  
  76  6:15  Combat Shields  
  77  6:24  Missile Turret  
  77  6:25  Medivac x2, SCV x2  
  85  6:26  Marauder, SCV, Missile Turret  
  85  6:27  Supply Depot, Marauder  
  85  6:28  Marine  
  85  6:30  Missile Turret  
  89  6:33  Supply Depot  
  89  6:37  SCV x2  
  89  6:38  Marine, SCV  
  93  6:40  Supply Depot  
  93  6:43  Marine  
  93  6:44  Marine  
  97  6:47  Marauder  
  97  6:48  Marauder  
  97  6:49  SCV  
  97  6:50  Barracks Reactor  
  97  6:51  SCV, Terran Vehicle Weapons Level 1  
  101  6:56  Terran Infantry Armor Level 2, Terran Infantry Weapons Level 2  
  101  6:57  Marine  
  101  6:58  Marine  
  104  7:01  Marine  
  104  7:02  SCV  
  104  7:03  SCV  
  104  7:04  Supply Depot  
  104  7:05  Supply Depot  
  104  7:07  Refinery  
  108  7:08  Marine, Marauder  
  108  7:09  Marauder  
  108  7:14  Medivac x2  
  115  7:15  Marine  
  115  7:17  Marine  
  115  7:18  Supply Depot  
  115  7:19  Marine  
  118  7:26  Marine  
  121  7:30  Marauder  
  121  7:31  Marine  
  121  7:32  Siege Tank, Marine, Marauder  
  121  7:33  Marine  
  121  7:35  Marine  
  130  7:37  Marine  
  130  7:41  Supply Depot  
  130  7:44  Marine, Medivac, Command Center  
  131  7:47  Medivac  
  131  7:49  Marine  
  131  7:50  Marine  
  131  7:51  Marine, Marauder  
  140  7:53  Marine, Concussive Shells  
  132  8:00  Marine x2  
  132  8:02  Marine  
  132  8:04  Widow Mine  
  135  8:07  Marine x2  
  135  8:09  Marine  
  135  8:10  Marine  
  138  8:14  Medivac  
  138  8:17  Marauder  
  138  8:18  Marine x2, Medivac  
  138  8:19  Marine  
  146  8:23  Supply Depot x2  
  146  8:25  Supply Depot, Marine x2  
  146  8:27  Marine  
  149  8:28  Marine  
  151  8:36  Marine  
  151  8:39  Marine  
  151  8:40  Marauder  
  151  8:41  Marauder  
  141  8:43  Marine, Thor  
  141  8:44  Medivac  
  148  9:01  Marauder  
  134  9:07  Marine x6, Marauder  
  141  9:12  Barracks  
  141  9:13  Barracks  
  141  9:14  Barracks  
  145  9:22  Marine  
  146  9:24  Marine  
  146  9:28  Marauder  
  146  9:29  Marine, Thor  
  156  9:37  Marine  
  156  9:38  Marine x3  
  159  9:40  Marauder  
  159  9:42  Marine  
  159  9:47  Marine  
  159  9:48  Planetary Fortress  
  160  9:59  Supply Depot  
  160  10:01  Marine x5, Marauder  
  160  10:04  Barracks Reactor, Barracks Tech Lab  
  160  10:05  Barracks Tech Lab, Missile Turret  
  167  10:08  Marine, Missile Turret  
  167  10:09  Marauder  
  167  10:10  Missile Turret  
  170  10:15  Medivac x2  
  170  10:18  Marine  
  174  10:22  Marauder  
  160  10:37  Marine  
  160  10:38  Marauder, Thor  
  160  10:39  Marine x5, Marauder x2  
  178  10:47  Marine, Marauder  
  181  10:52  Factory, Refinery x2  
  181  10:56  Factory  
  181  10:59  Marauder  
  183  11:07  Marauder  
  183  11:10  Marine, Marauder  
  183  11:11  Medivac  
  180  11:14  Marauder  
  182  11:20  Marauder  
Show
View Real Time Build Order
Export as new Build Order

Matiz Zerg 

Build Orders: Hatch First, Muta Ling Bane 

Get SALT Encoding   

  12  0:01  Drone  
  13  0:13  Overlord  
  13  0:17  Drone  
  14  0:23  Extractor, Drone  
  15  0:31  Drone  
  15  0:35  Drone  
  17  0:53  Hatchery  
  17  0:56  Drone  
  17  0:58  Drone  
  18  1:14  Spawning Pool  
  18  1:15  Drone  
  18  1:19  Drone  
  19  1:30  Drone  
  20  1:43  Drone, Hatchery  
  20  2:03  Queen  
  20  2:05  Queen  
  20  2:06  Zergling x2  
  20  2:07  Zergling x2  
  26  2:09  Zergling x2  
  26  2:15  Overlord  
  27  2:21  Drone  
  28  2:35  Drone x3  
  31  2:41  Queen  
  31  2:43  Queen  
  35  2:45  Drone  
  35  2:51  Overlord  
  36  2:55  Queen  
  37  3:06  Extractor  
  37  3:08  Overlord  
  37  3:10  Drone x3  
  37  3:11  Extractor, Drone  
  39  3:19  Drone x2  
  42  3:20  Drone x2  
  43  3:31  Drone x5  
  48  3:41  Queen  
  48  3:57  Drone x5  
  48  4:01  Lair  
  48  4:02  Drone  
  54  4:07  Drone x3  
  57  4:12  Overlord, Extractor  
  56  4:22  Drone  
  56  4:23  Metabolic Boost  
  57  4:26  Baneling Nest, Queen  
  57  4:27  Overlord x2  
  57  4:28  Extractor, Drone  
  58  4:32  Drone x3  
  61  4:40  Drone x5  
  66  4:47  Overlord  
  66  4:49  Drone  
  67  4:57  Drone x5  
  67  4:58  Evolution Chamber  
  67  4:59  Drone x2, Evolution Chamber  
  71  5:09  Zergling x8  
  72  5:14  Overlord  
  72  5:15  Zergling x6  
  73  5:21  Zergling x2  
  73  5:22  Zergling x2  
  73  5:30  Drone x3  
  73  5:31  Drone x7  
  73  5:34  Drone  
  82  5:36  Drone  
  82  5:39  Centrifical Hooks  
  82  5:42  Drone  
  84  5:49  Spire  
  83  5:51  Zerg Melee Weapons Level 1  
  83  5:52  Zerg Ground Armor Level 1  
  83  6:06  Drone x4  
  83  6:07  Baneling x4  
  87  6:14  Drone x3  
  87  6:18  Overlord x4  
  90  6:23  Pneumatized Carapace  
  90  6:24  Hatchery  
  90  6:25  Drone  
  89  6:26  Extractor x2  
  89  6:32  Overseer  
  87  6:33  Overlord x2  
  87  6:37  Baneling  
  87  6:41  Overlord  
  87  6:44  Drone x3  
  87  6:45  Drone x4  
  87  6:46  Zergling x6  
  97  6:47  Baneling  
  97  6:54  Drone x3  
  100  6:55  Overlord  
  100  7:10  Hatchery  
  99  7:19  Mutalisk x7  
  99  7:21  Infestation Pit  
  110  7:26  Zergling x16  
  118  7:36  Overlord  
  118  7:38  Zerg Flyer Weapons Level 1  
  118  7:39  Zergling x10  
  118  7:41  Overseer  
  123  7:53  Overlord  
  115  8:00  Zergling x10  
  115  8:01  Zergling x14  
  115  8:04  Baneling x6  
  123  8:06  Zergling x2  
  123  8:12  Zergling x8  
  121  8:21  Zergling x14  
  121  8:25  Hive, Zerg Melee Weapons Level 2, Zerg Ground Armor Level 2  
  128  8:29  Zergling x2  
  128  8:30  Zergling x14  
  134  8:40  Zergling x10  
  124  8:42  Baneling x5  
  124  8:45  Zergling x8  
  124  8:53  Zergling x4  
  124  8:54  Zergling x6  
  102  9:03  Zergling x12  
  104  9:14  Zergling x8  
  104  9:16  Baneling  
  104  9:17  Baneling x9  
  104  9:18  Zergling x8, Baneling  
  104  9:19  Zergling x2  
  104  9:23  Zergling x2  
  107  9:26  Zergling x4  
  109  9:33  Zergling x2  
  109  9:38  Adrenal Glands  
  110  9:40  Zergling x12  
  110  9:41  Ultralisk Cavern  
  110  9:42  Zergling x6  
  110  9:43  Extractor, Zergling x2  
  110  9:44  Baneling  
  110  9:45  Baneling x8  
  118  9:48  Hatchery  
  117  9:54  Drone  
  117  9:57  Baneling x3  
  117  9:58  Zergling x4, Baneling x5  
  117  9:59  Zergling x8  
  124  10:06  Zergling x8  
  88  10:37  Chitinous Plating  
  88  10:38  Ultralisk x2  
  88  10:39  Ultralisk x2  
  88  10:40  Zergling x14  
  88  10:41  Zergling x2  
  120  10:47  Overseer  
  120  10:48  Overseer  
  119  10:54  Zergling x2  
  120  10:58  Zergling x2  
  120  10:59  Zergling x18  
  122  11:09  Zergling x8  
  122  11:11  Baneling x5  
  114  11:16  Zergling x2  
  114  11:17  Zergling x14  
Tags
 
Add a new tag
Caveats
  • Supply blocks, unpowered buildings, or Contaminate may cause inaccurate times.
  • Supply counts are checked every 10 seconds.